 Dungeon Crawl Stone Soup version 0.21.0 (webtiles) character file.

8144 Inkary the Fighter (level 11, 0/106 HPs)
             Began as a Hill Orc Fighter on Jan 7, 2018.
             Was a Priest of Trog.
             Slain by a two-headed ogre
             ... wielding a +0 giant spiked club
              (7 damage)
             ... on level 11 of the Dungeon.
             The game lasted 00:19:54 (10746 turns).

Inkary the Fighter (Hill Orc Fighter)              Turns: 10746, Time: 00:19:55

Health: 0/106      AC: 13    Str: 23    XL:     11   Next: 26%
Magic:  11/11      EV:  8    Int:  8    God:    Trog [***...]
Gold:   674        SH: 11    Dex: 10    Spells: 10/10 levels left

rFire    + . .     SeeInvis .   N - +0 long sword (slice)
rCold    . . .     Gourm    .   c - +0 shield
rNeg     . . .     Faith    +   b - +0 scale mail
rPois    .         Spirit   .   z - +1 hat
rElec    .         Reflect  .   y - +0 cloak
rCorr    .         Harm     .   o - +0 pair of gloves
MR       ++...                  E - +0 pair of boots
Stlth    ..........             K - amulet of faith
HPRegen  1.27/turn              G - ring of protection from fire
MPRegen  0.12/turn              (no ring)

@: regenerating, hasted, very quick
A: no striking features
a: Berserk, Trog's Hand, Burn Spellbooks, Renounce Religion


You were on level 11 of the Dungeon.
You worshipped Trog.
Trog was most pleased with you.
You were near starving.

You visited 2 branches of the dungeon, and saw 12 of its levels.

You collected 674 gold pieces.

Inventory:

Hand Weapons
 N - a +0 long sword of slicing (weapon)
Armour
 b - a +0 scale mail (worn)
 c - a +0 shield (worn)
 o - a +0 pair of gloves (worn)
 y - a +0 cloak (worn)
 z - a +1 hat (worn)
 E - a +0 pair of boots (worn)
Jewellery
 G - a ring of protection from fire (left hand)
 K - an amulet of faith (around neck)
Wands
 v - a wand of iceblast (9)
 B - a wand of digging (8)
 F - a wand of enslavement (10)
Scrolls
 g - 2 scrolls of identify
 h - a scroll of blinking {unknown}
 i - 6 scrolls of fear {unknown}
 j - 4 scrolls of magic mapping {unknown}
 l - 3 scrolls of enchant weapon {unknown}
 m - 5 scrolls of teleportation
 n - 5 scrolls of remove curse
 p - a scroll of enchant armour {unknown}
 w - a scroll of immolation {unknown}
 x - 4 scrolls of noise {unknown}
 A - a scroll of acquirement {unknown}
 D - a scroll of fog {unknown}
 L - a scroll of summoning {unknown}
Potions
 d - 2 potions of might
 e - 2 potions of invisibility
 k - 2 potions of magic
 q - 3 potions of curing
 r - a potion of lignification
 u - 2 potions of agility
 H - a potion of ambrosia {unknown}
 I - a potion of resistance
 J - 2 potions of brilliance
Books
 s - a book of Maledictions

   Spells                             Type                      Level
   a - Corona                         Hexes                        1
   b - Ensorcelled Hibernation        Hexes/Ice                    2
   c - Confuse                        Hexes                        3
   d - Tukima's Dance                 Hexes                        3
   e - Dazzling Spray                 Conjuration/Hexes            3
   Trog disapproves of the use of such an item.
 t - a book of Callings

   Spells                             Type                      Level
   a - Summon Small Mammal            Summoning                    1
   b - Call Imp                       Summoning                    2
   c - Call Canine Familiar           Summoning                    3
   d - Summon Guardian Golem          Hexes/Summoning              3
   e - Summon Lightning Spire         Summoning/Air                4
   f - Summon Ice Beast               Ice/Summoning                4
   Trog disapproves of the use of such an item.
 C - a book of Maledictions

   Spells                             Type                      Level
   a - Corona                         Hexes                        1
   b - Ensorcelled Hibernation        Hexes/Ice                    2
   c - Confuse                        Hexes                        3
   d - Tukima's Dance                 Hexes                        3
   e - Dazzling Spray                 Conjuration/Hexes            3
   Trog disapproves of the use of such an item.
Comestibles
 f - 20 rations


   Skills:
 + Level 12.9 Fighting
 * Level 8.9 Long Blades
 + Level 9.1 Armour
 + Level 9.1 Shields


You had 10 spell levels left.
You didn't know any spells.

Dungeon Overview and Level Annotations

Branches:
Dungeon (11/15)            Temple (1/1) D:6            Lair (0/6) D:10
    Orc (0/2) D:9

Altars:
Ashenzari
Cheibriados
Dithmenos
Elyvilon
Fedhas
Gozag
Hepliaklqana
Kikubaaqudgha
Makhleb
Nemelex Xobeh
Okawaru
Qazlal
Ru
Sif Muna
Trog
Uskayaw
Vehumet
Wu Jian
Xom
Yredelemnul
Zin
The Shining One

Shops:
D:7 :

Annotations:
D:3 Lovchig's ghost, amateur DDFi


Message History

The two-headed ogre hits you with a giant spiked club!
The two-headed ogre hits you with a giant club!
* * * LOW HITPOINT WARNING * * *
Items here: †††††† You slash the two-headed ogre!
The two-headed ogre is moderately wounded.
You block the two-headed ogre's attack.
The two-headed ogre hits you with a giant club!!
* * * LOW HITPOINT WARNING * * *
You hit the two-headed ogre.
The two-headed ogre is moderately wounded.
Unknown command.
You slash the two-headed ogre!
The two-headed ogre is heavily wounded.
You block the two-headed ogre's attack. The two-headed ogre barely misses you.
Okay, then.
Okay, then.
You feel yourself speed up. You block the two-headed ogre's attack.
The two-headed ogre hits you with a giant club!
You die...

..........#
........T.#
...!......#
y.........#
..........#
..........#
..........#
#########.#
#@# #O#
########.#
.........#
.........#
#######..#
.........#
.........#
....>....#


You could see a two-headed ogre and a troll (wandering).

Vanquished Creatures
  3 two-headed ogres
  A troll (D:10)
  A spriggan (D:8)
  9 yaks (D:10)
  A wyvern (D:10)
  2 hungry ghosts
  3 water moccasins
  3 porcupines (D:9)
  2 ice beasts
  2 orc warriors (D:10)
  2 sky beasts
  2 ogres
  2 centaurs
  A crocodile (D:9)
  A big kobold (D:7)
  A wyvern zombie (D:10)
  4 bullfrogs
  A water moccasin skeleton (D:6)
  8 killer bees (D:11)
  8 scorpions
  5 howler monkeys
  2 crimson imps
  2 quasits
  2 centaur zombies
  A bullfrog zombie (D:5)
  3 hounds
  10 orc wizards
  2 orc priests (D:4)
  4 jellies
  An iguana (D:8)
  Ijyb (D:5)
  8 worker ants
  A hound zombie (D:7)
  2 howler monkey skeletons
  13 adders
  A shadow imp (D:8)
  2 worms
  2 dart slugs
  4 leopard geckos
  28 orcs
  4 giant cockroaches
  7 goblins
  6 hobgoblins
  2 jackals (D:8)
  24 kobolds
  7 quokkas
  A ball python (D:2)
  15 bats
  3 frilled lizards
  A giant cockroach zombie (D:5)
  A jackal skeleton (D:4)
  3 rats
225 creatures vanquished.

Vanquished Creatures (others)
  An orc wizard (D:4)
  A fungus (D:10)
2 creatures vanquished.

Grand Total: 227 creatures vanquished

Notes
Turn   | Place    | Note
-------+----------+-------------------------------------------
     0 | D:1      | Inkary the Hill Orc Fighter began the quest for the Orb.
     0 | D:1      | Reached XP level 1. HP: 19/19 MP: 1/1
   196 | D:1      | Reached XP level 2. HP: 25/27 MP: 2/2
   210 | D:1      | Reached skill level 4 in Fighting
   458 | D:1      | Reached XP level 3. HP: 33/33 MP: 3/3
  1245 | D:3      | Reached XP level 4. HP: 39/41 MP: 4/4
  1301 | D:3      | Noticed Lovchig's ghost (amateur DDFi)
  1630 | D:4      | Found a stormy altar of Qazlal.
  1639 | D:4      | Found a hide-covered altar of Uskayaw.
  1639 | D:4      | Noticed a dagger
  1640 | D:4      | Noticed a hand axe
  1676 | D:4      | Reached skill level 5 in Fighting
  1676 | D:4      | Reached XP level 5. HP: 26/48 MP: 5/5
  2015 | D:4      | Found a white marble altar of Elyvilon.
  2165 | D:4      | Reached XP level 6. HP: 19/57 MP: 6/6
  2772 | D:4      | Reached skill level 6 in Fighting
  3089 | D:3      | Found an ancient bone altar of Kikubaaqudgha.
  3795 | D:5      | Entered Level 5 of the Dungeon
  3865 | D:5      | Reached XP level 7. HP: 32/64 MP: 7/7
  4228 | D:5      | Noticed Ijyb
  4263 | D:5      | Killed Ijyb
  4349 | D:5      | Reached skill level 7 in Fighting
  4388 | D:5      | Reached skill level 5 in Armour
  4388 | D:5      | Reached skill level 5 in Shields
  5101 | D:6      | Reached XP level 8. HP: 53/74 MP: 5/8
  5114 | D:6      | Found a staircase to the Ecumenical Temple.
  5119 | Temple   | Entered the Ecumenical Temple
  5140 | Temple   | Became a worshipper of Trog the Wrathful
  5356 | D:6      | Found a stormy altar of Qazlal.
  5395 | D:6      | Found a blossoming altar of Fedhas.
  5487 | D:6      | Reached skill level 8 in Fighting
  5487 | D:6      | Reached skill level 5 in Long Blades
  5948 | D:7      | Found Uculloex's Book Emporium.
  6622 | D:7      | Reached * piety under Trog
  6912 | D:7      | Reached skill level 9 in Fighting
  7024 | D:8      | Reached XP level 9. HP: 83/83 MP: 9/9
  7136 | D:8      | Found a shadowy altar of Dithmenos.
  7387 | D:8      | Reached ** piety under Trog
  7387 | D:8      | Reached skill level 10 in Fighting
  7522 | D:8      | Found a shattered altar of Ashenzari.
  7523 | D:8      | Found a deep blue altar of Sif Muna.
  7756 | D:9      | Found a shattered altar of Ashenzari.
  7926 | D:9      | Found the +7 Singing Sword
  8348 | D:9      | Found a staircase to the Orcish Mines.
  8661 | D:10     | Entered Level 10 of the Dungeon
  8661 | D:10     | Noticed a two-headed ogre
  8666 | D:10     | Killed a two-headed ogre
  8666 | D:10     | Reached skill level 11 in Fighting
  8666 | D:10     | Reached XP level 10. HP: 96/96 MP: 10/10
  9393 | D:10     | Found a staircase to the Lair.
  9460 | D:10     | Reached skill level 12 in Fighting
 10128 | D:10     | Noticed a two-headed ogre
 10140 | D:10     | Killed a two-headed ogre
 10140 | D:10     | Reached XP level 11. HP: 42/105 MP: 11/11
 10183 | D:10     | Reached *** piety under Trog
 10324 | D:11     | Noticed a two-headed ogre
 10341 | D:11     | Killed a two-headed ogre
 10739 | D:11     | Noticed a two-headed ogre
 10743 | D:11     | HP: 3/106 [two-headed ogre/giant spiked club (20)]
 10746 | D:11     | Slain by a two-headed ogre

Skill      XL: |  1  2  3  4  5  6  7  8  9 10 11 |
---------------+----------------------------------+-----
Fighting       | 4 5 6 7 9 11 12 | 12.9
Long Blades    | 3 4 5 7 8 |  8.9
Armour         | 4 5 6 7 8 9 |  9.1
Shields        | 4 5 6 7 8 9 |  9.1

Action                   |  1- 3 |  4- 6 |  7- 9 | 10-12 || total
-------------------------+-------+-------+-------+-------++-------
Melee: Long sword        |   132 |   224 |   113 |   303 ||   772
       Scimitar          |       |       |   303 |       ||   303
Invok: Berserk           |       |       |     1 |     2 ||     3
       Trog's Hand       |       |       |       |     6 ||     6
  Use: Scroll            |       |       |    12 |       ||    12
       Potion            |       |       |     1 |     3 ||     4
  Eat: Chunk             |     1 |     9 |    14 |    13 ||    37
       Ration            |       |       |     1 |       ||     1
Armor: Scale mail        |    71 |    96 |   229 |   109 ||   505
Dodge: Dodged            |    36 |    41 |   152 |    70 ||   299
Block: Shield            |    74 |    97 |   236 |   180 ||   587
       Rpst.: Long sword |     5 |    12 |    15 |    23 ||    55
       Scimitar          |       |       |    33 |       ||    33
